 Dungeon Crawl Stone Soup version 0.28.0-53-g5a82cb258f (webtiles) character file.

Game seed: 906270097863965213

22 MiltankisOP the Sneak (level 2, -1/14 HPs)
             Began as a Spriggan Brigand on June 15, 2022.
             Killed by divine providence
             ... invoked by an orc priest
              (14 damage)
             ... on level 3 of the Dungeon.
             The game lasted 00:03:18 (1809 turns).

MiltankisOP the Sneak (Spriggan Brigand)            Turns: 1809, Time: 00:03:19

Health: -1/14      AC:  3    Str:  7    XL:     2   Next: 68%
Magic:  3/3        EV: 18    Int: 12    God:
Gold:   26         SH:  5    Dex: 22    Spells: 1/1 levels left

rFire   . . .      SeeInvis +   a - +2 dagger
rCold   . . .      Faith    .   (no shield)
rNeg    . . .      Spirit   .   b - +0 robe
rPois   .          Reflect  +   (helmet restricted)
rElec   .          Harm     .   c - +0 cloak
rCorr   .          Rampage  .   (gloves unavailable)
Will    .....                   (boots unavailable)
Stlth   ++++......              k - amulet of reflection
HPRegen 0.04/turn               i - +6 ring of dexterity
MPRegen 0.08/turn               (no ring)

@: very quick
A: very small, no large weapons, unfitting armour, see invisible, speed 3
a: no special abilities


You were on level 3 of the Dungeon.
You visited 1 branch of the dungeon, and saw 3 of its levels.

You collected 26 gold pieces.

Inventory:

Hand Weapons
 a - a +2 dagger (weapon)
Missiles
 d - 11 poisoned darts (quivered)
 e - 2 curare-tipped darts
Armour
 b - a +0 robe (worn)
 c - a +0 cloak (worn)
Jewellery
 i - a +6 ring of dexterity (left hand)
 k - an amulet of reflection (around neck)
Scrolls
 g - a scroll of immolation {unknown}
 h - 2 scrolls of blinking {unknown}
 l - a scroll of identify {unknown}
 o - a scroll of enchant weapon {unknown}
Potions
 f - 2 potions of brilliance {unknown}
 j - 2 potions of haste {unknown}
 m - a potion of heal wounds {unknown}
 n - a potion of curing {unknown}


   Skills:
 - Level 1.5 Fighting
 - Level 2.1 Short Blades
 - Level 2.0 Throwing
 + Level 2.3 Dodging
 * Level 6.8 Stealth


You had one spell level left.
You didn't know any spells.
Your spell library contained the following spells:

 Spells                   Type           Power      Damage    Failure   Level
 Sandblast                Erth           0%         2d4       32%         1
 Passwall                 Tmut/Erth      0%         N/A       45%         2
 Stone Arrow              Conj/Erth      0%         3d7       69%         3


Dungeon Overview and Level Annotations

Branches:
Dungeon (3/15)

Altars:

Shops:
D:1 !   D:2 :


Innate Abilities, Weirdness & Mutations

You are very small and have problems with some larger weapons.
You are too small for most types of armour.
You have supernaturally acute eyesight. (SInv)
You cover ground extremely quickly. (Speed+++)


Message History

There is an entrance to Ypeqeok's Book Emporium here.
You enter the shallow water.
Moving in this stuff is going to be slow.
There is an escape hatch in the floor here.
Done exploring.
(D) Dungeon
Where to? (Enter - D:2, ? - help)
What level of the Dungeon? (default 1, ? - help)
You see here a +0 dagger.
You see here a +0 club.
There is a stone staircase leading down here.
You climb downwards.
There is a stone staircase leading up here.
Found 18 stones.
You see here 18 stones.
Found a stone staircase leading down.
A goblin comes into view. It is wielding a +0 club.
An orc comes into view. It is wielding a +0 short sword.
Found a scroll labelled SITEWA RAXE.
Found 10 gold pieces.
The goblin shouts!
You hear a shout!
An orc comes into view. It is wielding a +0 short sword.
You hit the goblin.
The goblin is moderately wounded.
An orc priest comes into view. It is wielding a +0 whip.
You block the goblin's attack.
You hit the goblin.
You kill the goblin!
A giant cockroach comes into view.
You see here a +0 club.
The orc hits you with a +0 short sword.
You closely miss the orc. The orc barely misses you.
You hit the orc.
The orc is moderately wounded.
You hit the orc.
The orc is moderately wounded.
The orc priest invokes the aid of Beogh against you.
Beogh smites you!
Ouch! That really hurt!
You die...

#.# #.# #.# #.#
#.# .
##.######.
...###.........
..$...>).......
...##.o@...B...
. #..o.......
#..o.......
#..........
#......?...
#..........
...........
##..........


You could see an orc priest, 2 orcs and a giant cockroach.

Vanquished Creatures
  A worm (D:2)
  A dart slug (D:2)
  2 endoplasms
  A giant cockroach (D:2)
  2 goblins
  A quokka (D:1)
  2 ball pythons
  2 frilled lizards (D:2)
  3 kobolds (D:2)
  3 rats
18 creatures vanquished.

Vanquished Creatures (others)
  10 fungi (D:2)
  3 plants (D:2)
  4 toadstools (D:1)
17 creatures vanquished.

Grand Total: 35 creatures vanquished

Notes
Turn   | Place    | Note
-------+----------+-------------------------------------------
     0 | D:1      | MiltankisOP the Spriggan Brigand began the quest for the
                  | Orb.
     0 | D:1      | Reached XP level 1. HP: 10/10 MP: 2/2
   249 | D:1      | Reached skill level 6 in Stealth
   539 | D:2      | Reached XP level 2. HP: 10/14 MP: 3/3
   635 | D:2      | Found a faded altar of an unknown god.
  1187 | D:2      | Found Ypeqeok's Book Emporium.
  1809 | D:3      | Killed from afar by an orc priest

Illustrated notes

Levels and vault maps discovered:
D:1:      ldierk_walled_garden_2, layout_loops_cross, serial_shops, shop,
          lexackson_kobold_supper
D:2:      layout_loops_ring, shapermc_ecumenical_altar_mp_urbaneastern,
          serial_shops, nicolae_shop_waterfront
D:3:      layout_basic, mainiacjoe_overflow_24_doors, nzn_hepliaklqana_mist_gate

Skill      XL: |  1 |
---------------+----+-----
Stealth        | 6 |  6.8
Dodging        | 2 |  2.3
Fighting       | |  1.5
Short Blades   | |  2.1
Throwing       | |  2.0

Action                   || total
-------------------------++-------
Melee: Dagger            ||    90
       Punch             ||     1
 Stab: Sleeping          ||     6
       Distracted        ||     1
Armor: Robe              ||     5
Dodge: Dodged            ||    33
Block: Other             ||     6
